 Dungeon Crawl Stone Soup version 0.22-a0-772-gac08f70 (webtiles) character file.

2527 sking99 the Cleaver (level 9, 0/72 HPs)
             Began as a Demonspawn Gladiator on July 17, 2018.
             Was a Follower of Uskayaw.
             Killed by divine providence
             ... invoked by an orc priest
              (9 damage)
             ... on level 6 of the Dungeon.
             The game lasted 00:11:20 (7910 turns).

sking99 the Cleaver (Demonspawn Gladiator)          Turns: 7910, Time: 00:11:21

Health: 0/72       AC: 11    Str: 18      XL:     9   Next: 29%
Magic:  9/9        EV:  7    Int:  9      God:    Uskayaw [*.....]
Gold:   275        SH:  4    Dex: 18 (19) Spells: 8/8 levels left

rFire    + . .     SeeInvis .   a - +1 war axe
rCold    . . .     Gourm    .   w - +0 buckler
rNeg     . . .     Faith    .   r - +0 plate armour
rPois    +         Spirit   .   (helmet restricted)
rElec    .         Reflect  .   i - +0 cloak
rCorr    .         Harm     .   (no gloves)
MR       .....                  (no boots)
Stlth    ..........             (no amulet)
HPRegen  0.22/turn              k - ring of poison resistance
MPRegen  0.11/turn              o - +2 ring of evasion

@: no status effects
A: horns 1, thin skeletal structure 2, fire resistance 1, powered by death 1,
flame cloud immunity
a: Stomp, Renounce Religion


You were on level 6 of the Dungeon.
You worshipped Uskayaw.
Uskayaw was noncommittal.
You were hungry.

You visited 2 branches of the dungeon, and saw 8 of its levels.

You collected 275 gold pieces.

Inventory:

Hand Weapons
 a - a +1 war axe (weapon)
Missiles
 d - 3 throwing nets (quivered)
Armour
 i - a +0 cloak (worn)
 r - a +0 plate armour (worn)
 w - a +0 buckler (worn)
Jewellery
 k - a ring of poison resistance (left hand)
 o - a +2 ring of evasion (right hand)
 x - an uncursed amulet of the acrobat {unknown}
Wands
 g - a wand of iceblast (12)
 u - a wand of acid (12)
Scrolls
 j - 4 scrolls of remove curse
 l - a scroll of enchant armour
 m - 3 scrolls of amnesia
 n - a scroll of magic mapping
 p - a scroll of teleportation
 y - a scroll of enchant weapon
Potions
 c - a potion of haste
 e - a potion of cancellation {unknown}
 h - a potion of degeneration
 q - 2 potions of brilliance
 s - a potion of agility {unknown}
 t - a potion of ambrosia {unknown}
 v - a potion of heal wounds {unknown}
Comestibles
 f - 7 rations


   Skills:
 - Level 7.4 Fighting
 * Level 9.8 Axes
 - Level 1.7 Throwing
 - Level 2.6 Dodging
 + Level 0.5 Shields
 + Level 1.1 Invocations


You had 8 spell levels left.
You didn't know any spells.
Your spell library contained the following spells:

 Spells                   Type           Power        Failure   Level  Hunger
 Magic Dart               Conj           #...         100%        1    ##.....
 Confuse                  Hex            #.......     100%        3    ####...
 Iskenderun's Mystic Bla  Conj           #.......     100%        4    #####..
 Tukima's Dance           Hex            #.......     100%        3    ####...
 Ensorcelled Hibernation  Hex/Ice        #.....       100%        2    ###....
 Corona                   Hex            #......      100%        1    ##.....
 Fulminant Prism          Conj/Hex       #.........   100%        4    #####..
 Dazzling Spray           Conj/Hex       #.....       100%        3    ####...
 Force Lance              Conj/Tloc      #.......     100%        4    #####..
 Searing Ray              Conj           #.....       100%        2    ###....


Dungeon Overview and Level Annotations

Branches:
Dungeon (7/15)             Temple (1/1) D:7

Altars:
Ashenzari
Cheibriados
Dithmenos
Fedhas
Gozag
Hepliaklqana
Kikubaaqudgha
Makhleb
Nemelex Xobeh
Okawaru
Qazlal
Ru
Sif Muna
Trog
Uskayaw
Vehumet
Wu Jian
Xom
Yredelemnul
The Shining One

Shops:
D:6 %

Annotations:
D:3 1 runed door


Innate Abilities, Weirdness & Mutations

You have a pair of small horns on your head.
You have a moderately thin skeletal structure. (Dex +4, Stealth+)
Your flesh is heat resistant. (rF+)
You regenerate a little health from kills.
You are immune to clouds of flame.


Message History

Something hits you but does no damage. The orc hits you but does no damage.
The orc priest hits you but does no damage.
The orc warrior hits you from afar with a halberd!
* * * LOW HITPOINT WARNING * * *
The orc priest barely misses you. The scorpion stings you.
* * * LOW HITPOINT WARNING * * *
You climb upwards.
There is a stone staircase leading down here.
As you read the scroll of fear, it crumbles to dust.
You assume a fearsome visage.
The orc warrior looks frightened!
The orc looks frightened!
The orc priest resists with some effort.
The scorpion looks frightened!
The orc priest looks frightened!
The orc priest hits you but does no damage.
You are feeling hungry.
You closely miss the orc priest. You block the orc priest's attack.
You hit the orc priest but do no damage.
The orc priest mumbles some strange prayers to Beogh against you.
Beogh smites you!
You die...

#.#### #.# #.# #.####
#.######### #.....
#.#....<.o#### ######
#.#.......[..# #.#.......##.#
##.#.......o..##########
######....#.o...#..#.........
#........###@...s.........###
#.####..........#.(#.####>#
#.# ##..###.#.##..#.# #.# #.#
#..# #...##..#.# #)# #.#
##.###o..##..#.# #.# #.#
#.....#.##..#.# #.# #.#
###.#.......#.# #.# #.#
#.##.###.##.# #.# ##.#
#.##.###.##.# #.###


You could see an orc warrior (fleeing), a scorpion (fleeing), 2 orc priests and
an orc (fleeing).

Vanquished Creatures
  Grinder (D:4)
  A hungry ghost (D:6)
  Eustachio (D:6)
  A phantom (D:7)
  A sky beast (D:7)
  5 ogres
  A big kobold (D:7)
  3 bullfrogs
  2 gnoll sergeants (D:6)
  3 killer bees (D:7)
  2 howler monkeys
  4 crimson imps
  A quasit (D:7)
  2 jellies
  3 hounds
  2 orc wizards (D:5)
  3 iguanas
  4 worker ants
  A hound skeleton (D:5)
  A worker ant zombie (D:6)
  8 gnolls (D:6)
  11 adders
  A shadow imp (D:6)
  2 adder zombies (D:5)
  An ooze (D:5)
  2 adder skeletons (D:5)
  3 worms
  4 dart slugs
  4 leopard geckos
  15 orcs
  2 ball pythons
  7 bats
  5 giant cockroaches
  9 hobgoblins
  6 jackals
  3 quokkas (D:5)
  9 frilled lizards
  6 goblins
  A goblin zombie (D:3)
  A jackal zombie (D:3)
  6 kobolds
  A quokka skeleton (D:4)
  A quokka zombie (D:5)
  9 rats
159 creatures vanquished.

Notes
Turn   | Place    | Note
-------+----------+-------------------------------------------
     0 | D:1      | sking99 the Demonspawn Gladiator began the quest for the Orb.
     0 | D:1      | Reached XP level 1. HP: 16/16 MP: 1/1
   250 | D:1      | Reached skill level 3 in Axes
   267 | D:1      | Gained mutation: Your flesh is heat resistant. (rF+) [demonic ancestry]
   267 | D:1      | Reached XP level 2. HP: 22/22 MP: 2/2
  1089 | D:2      | Gained mutation: You have a pair of small horns on your head. [demonic ancestry]
  1089 | D:2      | Reached XP level 3. HP: 23/28 MP: 3/3
  1971 | D:2      | Reached skill level 4 in Axes
  1971 | D:2      | Gained mutation: You regenerate a little health from kills. [demonic ancestry]
  1971 | D:2      | Reached XP level 4. HP: 22/35 MP: 4/4
  2454 | D:3      | Found a runed door.
  2454 | D:3      | Found a basalt altar of Yredelemnul.
  2454 | D:3      | Noticed a human
  2760 | D:3      | Found an ornate altar of the Wu Jian Council.
  2873 | D:3      | Gained mutation: You have a somewhat thin skeletal structure. (Dex +2, Stealth) [demonic ancestry]
  2873 | D:3      | Reached XP level 5. HP: 41/41 MP: 5/5
  3244 | D:4      | Found a snail-covered altar of Cheibriados.
  3339 | D:4      | Noticed Grinder
  3345 | D:4      | Paralysed by Grinder for 6 turns
  3368 | D:4      | Killed Grinder
  3368 | D:4      | Reached skill level 5 in Axes
  3368 | D:4      | Reached XP level 6. HP: 12/48 MP: 6/6
  3898 | D:4      | Reached skill level 6 in Axes
  4299 | D:5      | Entered Level 5 of the Dungeon
  4350 | D:5      | Reached XP level 7. HP: 55/55 MP: 7/7
  4585 | D:5      | Reached skill level 5 in Fighting
  4886 | D:5      | Reached skill level 7 in Axes
  5503 | D:6      | Gained mutation: You are immune to clouds of flame. [demonic ancestry]
  5503 | D:6      | Reached XP level 8. HP: 45/63 MP: 8/8
  6108 | D:6      | Reached skill level 8 in Axes
  6297 | D:6      | Noticed Eustachio
  6309 | D:6      | Killed Eustachio
  6457 | D:6      | Found Jiruo's Food Boutique.
  6901 | D:6      | Reached skill level 9 in Axes
  7101 | D:6      | Gained mutation: You have a moderately thin skeletal structure. (Dex +4, Stealth+) [demonic ancestry]
  7101 | D:6      | Reached XP level 9. HP: 48/72 MP: 9/9
  7290 | D:7      | Found a staircase to the Ecumenical Temple.
  7350 | Temple   | Entered the Ecumenical Temple
  7542 | Temple   | Became a worshipper of Uskayaw the Reveler
  7682 | D:7      | Reached * piety under Uskayaw
  7722 | D:7      | Reached ** piety under Uskayaw
  7729 | D:7      | Reached skill level 1 in Invocations
  7910 | D:6      | Killed from afar by an orc priest

Vault maps used:
D:1:      elethiomel_arrival_infinity_welcomes_careful_drivers
D:2:      first_ration, minmay_misc_feat_tiny
D:3:      old_standard_altar, dk_yredelemnul_ordeal
D:4:      overflow_temple_1_default, uniq_grinder
D:6:      serial_shops, shop, uniq_eustachio
D:7:      temple_green, biasface_ghost_orc_armoury, hangedman_decor_slide_cut
Temple:   dpeg_five_rooms_temple

Skill      XL: |  1  2  3  4  5  6  7  8  9 |
---------------+----------------------------+-----
Axes           | 3 4 5 6 7 9 |  9.8
Fighting       | 3 4 5 7 |  7.4
Invocations    | 1 |  1.1
Throwing       | |  1.7
Dodging        | |  2.6
Shields        | |  0.5

Action                   |  1- 3 |  4- 6 |  7- 9 || total
-------------------------+-------+-------+-------++-------
Melee: War axe           |   138 |   153 |   299 ||   590
       Headbutt          |    10 |    21 |    70 ||   101
Throw: Throwing net      |       |     5 |       ||     5
  Use: Scroll            |       |     9 |     4 ||    13
       Potion            |       |     2 |       ||     2
 Stab: Sleeping          |     1 |       |       ||     1
  Eat: Chunk             |     3 |     8 |    10 ||    21
       Ration            |       |       |     4 ||     4
Armor: Leather armour    |    23 |       |       ||    23
       Scale mail        |    10 |       |       ||    10
       Chain mail        |    50 |    25 |       ||    75
       Plate armour      |       |    78 |   222 ||   300
Dodge: Dodged            |    72 |    55 |   113 ||   240
Block: Buckler           |       |       |     6 ||     6

Table legend:
 A = Spawn XP
 B = Non-spawn XP
 C = Spawn XP percentage of total XP
 D = Spawn monster count
 E = Non-spawn monster count
 F = Spawn count percentage of total count
 G = Total turns spent on level
                    A         B        C        D         E        F      G
               +---------+---------+-------+---------+---------+-------+---------
         Total |       0 |    3610 |   0.0 |       0 |     159 |   0.0 |  7910
               +---------+---------+-------+---------+---------+-------+---------
           D:1 |       0 |      23 |   0.0 |       0 |      16 |   0.0 |  1020
           D:2 |       0 |     101 |   0.0 |       0 |      26 |   0.0 |  1103
           D:3 |       0 |     106 |   0.0 |       0 |      29 |   0.0 |  1085
           D:4 |       0 |     440 |   0.0 |       0 |       9 |   0.0 |  1091
           D:5 |       0 |     630 |   0.0 |       0 |      32 |   0.0 |  1187
           D:6 |       0 |    1333 |   0.0 |       0 |      27 |   0.0 |  1631
           D:7 |       0 |     977 |   0.0 |       0 |      20 |   0.0 |   548
               +---------+---------+-------+---------+---------+-------+---------
